 Dungeon Crawl Stone Soup version 0.27.0-1-g7a089689b8 (webtiles) character file.

Game seed: 3777315562621995157

11 Multipenetrator the Sneak (level 2, 0/13 HPs)
             Began as a Vine Stalker Enchanter on Aug 12, 2021.
             Was a Follower of Vehumet.
             Succumbed to an adder's poison
             ... on level 2 of the Dungeon.
             The game lasted 00:14:52 (1152 turns).

Multipenetrator the Sneak (Vine Stalker Enchanter)  Turns: 1152, Time: 00:14:53

Health: 0/13       AC:  2    Str: 10    XL:     2   Next: 29%
Magic:  0/6        EV: 12    Int: 15    God:    Vehumet [*.....]
Gold:   52         SH:  0    Dex: 14    Spells: 3/5 levels left

rFire    . . .     SeeInvis .   a - +1 dagger
rCold    . . .     Faith    .   (no shield)
rNeg     . . .     Spirit   +   b - +0 robe
rPois    .         Reflect  .   (no helmet)
rElec    .         Harm     .   (no cloak)
rCorr    .         Rampage  .   (no gloves)
Will     .....                  (no boots)
Stlth    +++.......             (no amulet)
HPRegen  0.04/turn              (no ring)
MPRegen  0.10/turn              (no ring)

@: lethally poisoned (0 -> -2)
A: fangs 2, magic shield, antimagic bite, no potion heal 2
a: Renounce Religion


You were on level 2 of the Dungeon.
You worshipped Vehumet.
Vehumet was aware of your devotion.
You visited 1 branch of the dungeon, and saw 2 of its levels.

You collected 52 gold pieces.

Inventory:

Hand Weapons
 a - a +1 dagger (weapon)
Armour
 b - a +0 robe (worn)
Scrolls
 c - a scroll of magic mapping {unknown}
 d - a scroll of silence {unknown}
 e - a scroll of teleportation {unknown}
 f - a scroll of enchant weapon {unknown}
 g - a scroll of identify {unknown}
Potions
 h - a potion of might {unknown}


   Skills:
 + Level 0.8 Short Blades
 - Level 1.5 Dodging
 + Level 4.6 Stealth
 + Level 2.2 Spellcasting
 + Level 0.0 Conjurations
 - Level 3.0 Hexes


You had 3 spell levels left.
You knew the following spells:

 Your Spells              Type           Power      Damage    Failure   Level
a - Corona                Hex            11%        N/A       6%          1
b - Foxfire               Conj/Fire      4%         2x1d4     22%         1

Your spell library contained the following spells:

 Spells                   Type           Power      Damage    Failure   Level
 Ensorcelled Hibernation  Hex/Ice        12%        N/A       19%         2
 Confusing Touch          Hex            10%        N/A       19%         3
 Tukima's Dance           Hex            10%        N/A       19%         3
 Animate Skeleton         Necr           2%         N/A       22%         1
 Pain                     Necr           4%         1d4       22%         1
 Dazzling Flash           Conj/Hex       12%        N/A       34%         3
 Vampiric Draining        Necr           0%         2d6       54%         3
 Airstrike                Air            0%         N/A       91%         4
 Summon Lightning Spire   Summ/Air       1%         N/A       91%         4
 Lightning Bolt           Conj/Air       0%         1d11      99%         5


Dungeon Overview and Level Annotations

Branches:
Dungeon (2/15)

Altars:
Vehumet


Innate Abilities, Weirdness & Mutations

You have extremely sharp teeth.
When hurt, damage is shared between your health and your magic reserves.
Your bite disrupts and absorbs the magic of your enemies.
Potions cannot restore your health.


Message History

Okay, then.
You now have 52 gold pieces (gained 18).
Found a stone staircase leading down.
You open the door.
There is an open door here.
There is a stone staircase leading down here.
A frilled lizard comes into view.
Okay, then.
The frilled lizard hisses angrily.
You miss the frilled lizard. You bite the frilled lizard.
You kill the frilled lizard!
Vehumet accepts your kill.
The adder hisses angrily.
Casting: Foxfire (safe; 22% risk of failure)
Confirm with . or Enter, or press ? or * to list all spells.
You conjure some foxfire!
A bat comes into view.
The foxfire hits the adder.
The adder is moderately wounded.
The foxfire hits the adder but does no damage.
The adder is moderately wounded.
You hit the adder.
The adder is severely wounded.
The adder completely misses you. The adder bites you.
You are poisoned.
The adder poisons you!
You feel sick.
You closely miss the adder. Your bite misses the adder.
The adder is severely wounded.
You feel sick. The adder bites you.
You feel sick.
Casting: Foxfire (safe; 22% risk of failure)
Confirm with . or Enter, or press ? or * to list all spells.
You conjure some foxfire!
* * * LOW HITPOINT WARNING * * *
You feel sick. The adder bites you.
* * * LOW HITPOINT WARNING * * *
The adder bites you.
* * * LOW HITPOINT WARNING * * *
You die...

.#.........<.#.#..#.... .
.......#.#.#..............
.......#.#.#...##.#.##....
.......+ #)#.............#
.......###...........# #
.......##......##b#..#..
.......##......##S#.....
.###...........v..(.......
.# #...........v@..#.#.###
.# #....................#
.###...............#.#..#
...................#.#..#
...................#.# #
.................#.#<#
#############......#.# #
.#######.. # .. ...g


You could see an adder (ally target) and a bat.

Vanquished Creatures
  A dart slug (D:1)
  An endoplasm (D:1)
  A goblin (D:1)
  2 kobolds (D:2)
  A ball python (D:1)
  A bat (D:2)
  2 frilled lizards
  2 rats (D:1)
11 creatures vanquished.

Vanquished Creatures (others)
  5 foxfires
5 creatures vanquished.

Grand Total: 16 creatures vanquished

Notes
Turn   | Place    | Note
-------+----------+-------------------------------------------
     0 | D:1      | Multipenetrator the Vine Stalker Enchanter began the quest
                  | for the Orb.
     0 | D:1      | Reached XP level 1. HP: 9/9 MP: 4/4
   150 | D:1      | Reached skill level 4 in Stealth
   224 | D:1      | Found a faded altar of an unknown god.
   327 | D:1      | Became a worshipper of Vehumet
   327 | D:1      | Reached * piety under Vehumet
   327 | D:1      | Offered knowledge of Foxfire by Vehumet.
   330 | D:1      | Learned a level 1 spell: Foxfire
   732 | D:1      | Reached XP level 2. HP: 13/13 MP: 6/6
  1152 | D:2      | Succumbed to an adder's poison

Illustrated notes

Levels and vault maps discovered:
D:1:      dpeg_arrival_arbitrary_a, layout_loops_ring,
          shapermc_ecumenical_altar_mp_urbaneastern
D:2:      layout_basic

Skill      XL: |  1 |
---------------+----+-----
Stealth        | 4 |  4.6
Short Blades   | |  0.8
Dodging        | |  1.5
Spellcasting   | |  2.2
Hexes          | |  3.0

Action                   || total
-------------------------++-------
Melee: Dagger            ||    16
       Bite              ||     5
 Cast: Foxfire           ||     4
 Stab: Sleeping          ||     5
Dodge: Dodged            ||     3
